 Dungeon Crawl Stone Soup version 0.31-a0-1265-gaa4636e842 (webtiles) character file.

Game seed: 17795639668435377810

308 ketsa the Covered (level 6, 46/46 HPs)
             Began as an Armataur Fighter on Dec 16, 2023.
             Was a Believer of Vehumet.
             Got out of the dungeon alive.
             The game lasted 00:06:26 (3085 turns).

ketsa the Covered (Armataur Fighter)                Turns: 3085, Time: 00:06:26

Health: 46/46      AC:  8    Str: 22    XL:     6   Next: 16%
Magic:  9/9        EV: 12    Int: 10    God:    Vehumet [**....]
Gold:   96         SH:  4    Dex:  9    Spells: 8/9 levels left

rFire   . . .        a - +0 flail
rCold   . . .        c - +0 buckler
rNeg    . . .        b - +0 scale mail
rPois   .            (no helmet)
rElec   .            A - +0 cloak
rCorr   .            (no gloves)
SInv    .            (no barding)
Will    .....        (no amulet) Stlth
                     m - +5 ring of evasion
HPRegen 0.27/turn    (no ring)
MPRegen 0.11/turn

%: roll
@: no status effects
A: large, deformed body, tough skin 3, armoured tail, roll 1, long tongue
a: Renounce Religion


You escaped.
You worshipped Vehumet.
Vehumet was pleased with you.
You visited 1 branch of the dungeon, and saw 3 of its levels.

You collected 96 gold pieces.

Inventory:

Hand Weapons
 a - a +0 flail (weapon)
 v - a +0 whip
 z - a +2 quarterstaff of chaos
Missiles
 l - 17 stones
 t - 2 poisoned darts
Armour
 b - a +0 scale mail (worn)
 c - a +0 buckler (worn)
 A - a +0 cloak (worn)
Magical Staves
 k - a staff of earth
Jewellery
 m - a +5 ring of evasion (left hand)
 r - an amulet of guardian spirit
Talismans
 w - a maw talisman
Scrolls
 f - a scroll of teleportation {unknown}
 g - a scroll of fog {unknown}
 o - a scroll of noise {unknown}
 p - 2 scrolls of vulnerability {unknown}
 q - 2 scrolls of poison {unknown}
 y - a scroll of identify {unknown}
 B - a scroll of enchant armour {unknown}
Potions
 d - 2 potions of might
 e - a potion of brilliance {unknown}
 h - a potion of resistance {unknown}
 i - a potion of magic {unknown}
 j - a potion of curing {unknown}
 n - a potion of lignification {unknown}
 s - a potion of attraction {unknown}
 u - 2 potions of enlightenment {unknown}
 x - a potion of invisibility {unknown}
 C - a potion of berserk rage {unknown}


   Skills:
 - Level 2.6 Fighting
 - Level 3.1(3.6) Maces & Flails
 + Level 2.5(3.3) Staves
 + Level 3.6 Armour
 + Level 3.3 Shields
 + Level 2.2 Spellcasting
 + Level 2.5 Conjurations
 - Level 0.7 Earth Magic


You had 8 spell levels left.
You knew the following spells:

 Your Spells              Type           Power      Damage    Failure   Level
a - Magic Dart            Conj           24%        1d4       34%         1

Your spell library contained the following spells:

 Spells                   Type           Power      Damage    Failure   Level
 Searing Ray              Conj           12%        2d4       47%         2
 Ensorcelled Hibernation  Hex/Ice        2%         N/A       83%         2
 Jinxbite                 Hex            2%         N/A       83%         2
 Ozocubu's Armour         Ice            1%         N/A       96%         3
 Anguish                  Hex/Necr       0%         N/A       100%        4
 Ozocubu's Refrigeration  Ice            0%         4d7       100%        7


Dungeon Overview and Level Annotations

Branches:
Dungeon (3/15)

Altars:
Hepliaklqana
Makhleb
Nemelex Xobeh
Vehumet


Innate Abilities, Weirdness & Mutations

Armour fits poorly on your strangely shaped body.
You have extremely tough skin. (AC +3)
You have a long armoured tail.
You roll when moving toward enemies. (Rampage)
Your long tongue fully drains potion bottles. (2x potion effects)


Message History

Vehumet offers you knowledge of Searing Ray.
You see here a frilled lizard corpse.
Okay, then.
You see here a frilled lizard corpse.
You open the door.
There is an open door here.
You pick up Ozocubu's Autobiography and begin reading...
You add the spells Ozocubu's Armour and Ozocubu's Refrigeration to your library.
There is a stone staircase leading down here.
A goblin comes into view. It is wielding a +0 club.
The goblin shouts!
You roll towards the goblin!
You roll towards the goblin!
The goblin hits you but does no damage.
You hit the goblin.
You kill the goblin!
Vehumet accepts your kill.
Things that are here:
a +0 club; a +0 leather armour
Found a scroll labelled WICLAE JEAF and an arbalest.
There is an open door here.
o - a scroll labelled WICLAE JEAF
Found a hazy altar of Hepliaklqana.
B - a scroll labelled DIGELAS LUYLAA
There is a hazy altar of Hepliaklqana here.
Found a stone staircase leading up.
C - a silvery potion You see here a +0 dagger.
There is an open gate here.
There is an open gate here.
Done exploring.
There is a stone staircase leading up here.
You climb upwards.
There is a stone staircase leading down here.
There is an open door here.
There is an escape hatch in the ceiling here.
A mysterious force pulls you upwards. The hatch slams shut behind you.
l - 17 stones (gained 1)
There is a staircase leading out of the dungeon here.
Alright, then stay!
You have escaped!

######.###
##....#..#.#.#..... #.#
####......#.....## #.#
#######.>.#.#.###.# #.#
#.....#####.#.# #.# #.#
#..⌠.....##.#.# #.#
#.####.........#.#.###.##
#.#.#......#.....#..##...
#.#........###...#..#####
#....#..@..# ##..##.#....
###........###...##.#.###
#.#......#.....##.#.#
####.........#.##.#.###
#..⌠.....##.##.#...÷
#.....#####.##.#####
#######.....##.#####
#.######......
#...........##


There were no monsters in sight!

Vanquished Creatures
  Sigmund (D:3)
  Crazy Yiuf (D:2)
  An orc wizard (D:3)
  2 adders (D:2)
  9 orcs
  4 ball pythons
  8 bats
  An endoplasm (D:1)
  2 giant cockroaches (D:1)
  5 goblins
  5 hobgoblins
  A quokka (D:3)
  4 frilled lizards
  8 kobolds
  10 rats
62 creatures vanquished.

Notes
Turn   | Place    | Note
-------+----------+-------------------------------------------
     0 | D:1      | ketsa the Armataur Fighter began the quest for the Orb.
     0 | D:1      | Reached XP level 1. HP: 17/17 MP: 1/1
   104 | D:1      | Reached XP level 2. HP: 23/23 MP: 2/2
   812 | D:2      | Found a faded altar of an unknown god.
   820 | D:2      | Prayed at the altar of an unknown god.
   820 | D:2      | Became a worshipper of Vehumet
   820 | D:2      | Reached * piety under Vehumet
   820 | D:2      | Offered knowledge of Magic Dart by Vehumet.
   837 | D:2      | Learned a level 1 spell: Magic Dart
   883 | D:2      | Found a runed translucent door.
   884 | D:2      | Noticed Crazy Yiuf
   916 | D:2      | Reached XP level 3. HP: 28/28 MP: 0/3
   959 | D:2      | Found a burning altar of Makhleb.
  1914 | D:2      | Killed Crazy Yiuf
  1915 | D:2      | Reached skill level 1 in Staves
  1915 | D:2      | Reached skill level 1 in Spellcasting
  1915 | D:2      | Reached skill level 1 in Conjurations
  1915 | D:2      | Reached XP level 4. HP: 34/34 MP: 3/5
  2015 | D:3      | Found a sparkling altar of Nemelex Xobeh.
  2166 | D:3      | Noticed Sigmund
  2184 | D:3      | Killed Sigmund
  2185 | D:3      | Reached XP level 5. HP: 27/39 MP: 1/8
  2185 | D:3      | Reached XP level 6. HP: 32/46 MP: 1/9
  2431 | D:3      | Reached ** piety under Vehumet
  2431 | D:3      | Offered knowledge of Searing Ray by Vehumet.
  2712 | D:3      | Found a hazy altar of Hepliaklqana.
  3085 | D:$      | Got out of the dungeon alive.

Illustrated notes

Levels and vault maps discovered:
D:1:      dpeg_arrival_arbitrary_c, layout_basic
D:2:      layout_loops_corners, basic_ecumenical_altar, basic_altar,
          grunt_decor_clamped, uniq_crazy_yiuf_cottage
D:3:      layout_basic, nemelex_altar_shiori, nicolae_hepliaklqana_hazy_memory,
          chequers_mini_garden, uniq_sigmund

Skill      XL: |  1  2  3  4 |
---------------+-------------+-----
Maces & Flails | 2 3 |  3.1
Staves         | 1 2 |  2.5
Spellcasting   | 1 2 |  2.2
Conjurations   | 1 2 |  2.5
Fighting       | |  2.6
Armour         | |  3.6
Shields        | |  3.3
Earth Magic    | |  0.7

Action                     |  1- 3 |  4- 6 || total
---------------------------+-------+-------++-------
  Melee: Flail             |   114 |    61 ||   175
         Tailslap          |    13 |     3 ||    16
   Cast: Magic Dart        |       |     1 ||     1
 Armour: Scale mail        |    64 |    51 ||   115
  Dodge: Dodged            |    50 |    49 ||    99
  Block: Buckler           |    25 |    16 ||    41

Table legend: (Time is in decaauts)
 A = Elapsed time spent in this place.
 B = Non-inter-level travel time spent in this place.
 C = Inter-level travel time spent in this place.
 D = Time resting spent in this place.
 E = Time spent auto-exploring this place.
 F = Levels seen in this place.
 G = Mean time per level.
                   A        B        C        D        E       F      G
               +--------+--------+--------+--------+--------+-----+--------+
         Total |   3130 |   2979 |    151 |     91 |   2318 |   3 | 1043.3 |
       Dungeon |   3130 |   2979 |    151 |     91 |   2318 |   3 | 1043.3 |
               +--------+--------+--------+--------+--------+-----+--------+

Top non-repeatable levels by time:
     D:2: 1248 daAuts
     D:3: 1099 daAuts
     D:1: 782 daAuts
